 Dungeon Crawl Stone Soup version 0.14.1 (webtiles) character file.

312 Cowfish the Changer (level 5, -3/37 HPs)
             Began as a Formicid Transmuter on Apr 28, 2014.
             Slain by a gnoll
             ... wielding a +0,+0 flail
              (5 damage)
             ... on Level 3 of the Dungeon on Apr 29, 2014.
             The game lasted 00:10:59 (2904 turns).

Cowfish the Changer (Formicid Transmuter)           Turns: 2904, Time: 00:10:59

HP  -3/37        AC  2     Str 15      XL: 5   Next: 60%
MP   6/11        EV 19     Int 13      God:
Gold 161         SH  0     Dex 16      Spells:  2 memorised,  4 levels left

rFire  . . .     SeeInvis .       - Unarmed
rCold  . . .     Clarity  .     c - melded +0 robe
rNeg   . . .     Conserve .     (shield currently unavailable)
rPois  x         rCorr    .     (helmet unavailable)
rElec  .         rRot     .     (cloak currently unavailable)
SustAb . .       Spirit   .     l - melded +0 pair of gloves
rMut   .         Warding  .     (boots currently unavailable)
Saprov . . .     Stasis   +     (no amulet)
MR     .....                    (no ring)
                                (no ring)

@: spider-form, very slightly contaminated, quick, not resistant to hostile
enchantments, unstealthy
A: permanent stasis, dig shafts and tunnels, four strong arms, (antennae 0)
a: Dig, Shaft Self, End Transformation


You were on level 3 of the Dungeon.
You were not hungry.
You were in spider-form.
You visited 1 branch of the dungeon, and saw 4 of its levels.

You collected 161 gold pieces.

Inventory:

Hand weapons
 C - a +2,+1 whip of venom
Missiles
 b - 12 arrows
 p - 20 sling bullets
 t - 16 poisoned needles
Armour
 c - a +0 robe (melded)
 l - a +0 pair of gloves (melded)
Magical devices
 y - a wand of paralysis (13) {unknown}
Comestibles
 a - 2 bread rations
 f - a lychee
 h - 2 apples
 w - 11 strawberries
 A - a pear
Scrolls
 g - a scroll of remove curse {unknown}
 i - 5 scrolls of identify {unknown}
 j - 2 scrolls of blinking {unknown}
 q - a scroll of enchant weapon II {unknown}
 r - 2 scrolls of noise {unknown}
 z - a scroll of fog {unknown}
 D - 2 scrolls of teleportation {unknown}
Jewellery
 n - a +3 ring of strength {unknown}
 u - an uncursed amulet of inaccuracy {unknown}
Potions
 e - 3 potions of restore abilities {unknown}
 k - a potion of mutation {unknown}
 m - 2 potions of might {unknown}
 o - a potion of flight {unknown}
 s - a potion of invisibility {unknown}
 v - a potion of agility {unknown}
 x - a potion of paralysis {unknown}
 B - a potion of berserk rage {unknown}
 F - 2 potions of haste {unknown}
Books
 d - a book of Changes

   Spells                             Type                      Level
   *Beastly Appendage                 Transmutation                1
   Sticks to Snakes                   Transmutation                2
   *Spider Form                       Transmutation/Poison         3
   Ice Form                           Ice/Transmutation            4
   Blade Hands                        Transmutation                5


   Skills:
 - Level 1.1 Fighting
 - Level 1.7 Dodging
 - Level 4.0 Unarmed Combat
 - Level 2.1 Spellcasting
 * Level 4.7 Transmutations
 - Level 2.0 Poison Magic


You had 4 spell levels left.
You knew the following spells:

 Your Spells              Type           Power        Failure   Level  Hunger
a - Beastly Appendage     Trmt           ##....       14%         1    ##.....
b - Spider Form           Trmt/Pois      ##........   41%         3    ####...


Dungeon Overview and Level Annotations

Branches:
Dungeon (4/15)
 Temple: D:4-7

Altars:


Innate Abilities, Weirdness & Mutations

Your are under a permanent stasis effect.
You can dig through walls and to a lower floor.
Your four strong arms can wield two-handed weapons with a shield.
((You have a pair of large antennae on your head (SInv).))*


Message History

Your +0 pair of gloves unmelds from your body.
Your +0 robe unmelds from your body.
Found an onyx ring.
You feel a bit more experienced. The gnoll hits you with a flail.
The gnoll barely misses you.
There is a stone staircase leading up here.
The gnoll hits you with a flail.
* * * LOW HITPOINT WARNING * * *
The gnoll hits you with a flail.
* * * LOW HITPOINT WARNING * * *
You climb upwards.
There is a stone staircase leading down here.
The gnoll hits you but does no damage.
Casting: Spider Form
Confirm with . or Enter, or press ? or * to list all spells.
You turn into a venomous arachnid creature.
Your +0 pair of gloves melds into your body.
Your +0 robe melds into your body.
The gnoll hits you with a flail.
You die...

#...##########.#
#...##.........#
#...##.........#
#...##.........#
###.##.........#
#.##.........#
#.##.........#
#...).....(..#
#s##.#######.#####
################g##.#
#......
................>##.#
#######
###################.#
#.# #.#############
#..............
##############. #.


You could see a gnoll.

Vanquished Creatures
  A gnoll shaman (D:4)
  2 gnolls (D:4)
  5 adders (D:2)
  A worm (D:2)
  A giant gecko (D:1)
  An orc (D:3)
  A giant cockroach (D:3)
  8 goblins
  3 hobgoblins
  3 jackals (D:1)
  7 kobolds
  12 bats
  4 giant newts
  6 rats
55 creatures vanquished.

Notes
Turn   | Place    | Note
--------------------------------------------------------------
     0 | D:1      | Cowfish, the Formicid Transmuter, began the quest for the Orb.
     0 | D:1      | Reached XP level 1. HP: 15/15 MP: 3/3
   199 | D:1      | Reached XP level 2. HP: 15/21 MP: 3/5
   862 | D:1      | Reached skill level 4 in Unarmed Combat
   862 | D:1      | Reached XP level 3. HP: 16/26 MP: 5/7
   867 | D:1      | Learned a level 3 spell: Spider Form
  1303 | D:2      | Reached skill level 1 in Poison Magic
  1477 | D:2      | Reached XP level 4. HP: 29/32 MP: 6/8
  2210 | D:3      | Reached XP level 5. HP: 35/37 MP: 9/11
  2904 | D:3      | Slain by a gnoll

Action                   |  1- 3 |  4- 6 || total
-------------------------+-------+-------++-------
Melee: Unarmed           |   107 |    90 ||   197
Throw: Dart              |     2 |    29 ||    31
 Cast: Beastly Appendage |    12 |    14 ||    26
       Spider Form       |       |     3 ||     3
